 Dungeon Crawl Stone Soup version 0.20.1-1-g8b1a95d (webtiles) character file.

664 equalderp2856 the Chopper (level 7, -17/54 HPs)
             Began as a Mummy Fighter on Oct 25, 2017.
             Demolished by an ogre
             ... wielding a +0 giant club
              (22 damage)
             ... on level 5 of the Dungeon.
             The game lasted 00:07:44 (5912 turns).

equalderp2856 the Chopper (Mummy Fighter)           Turns: 5912, Time: 00:07:45

Health: -17/54     AC:  6    Str: 20    XL:     7   Next: 31%
Magic:  11/11      EV:  7    Int:  9    God:
Gold:   240        SH:  9    Dex: 11    Spells: 12/12 levels left

rFire    x . .     SeeInvis .   a - +0 war axe
rCold    + . .     Gourm    .   c - +0 shield
rNeg     + + +     Faith    .   b - +0 scale mail
rPois    ∞         Spirit   .   (no helmet)
rElec    .         Reflect  .   (no cloak)
rCorr    .         Harm     .   (no gloves)
MR       +....                  (no boots)
Stlth    ..........             (no amulet)
Regen    0.2/turn               f - ring of poison resistance
MPRegen  0.2/turn               n - ring of protection from magic

@: no status effects
A: no food or potions, fire vulnerability, cold resistance 1, negative energy
resistance 3, torment resistance, unbreathing
a: no special abilities


You were on level 5 of the Dungeon.
You were not hungry.

You visited 1 branch of the dungeon, and saw 5 of its levels.

You collected 240 gold pieces.

Inventory:

Hand Weapons
 a - a +0 war axe (weapon)
Armour
 b - a +0 scale mail (worn)
 c - a +0 shield (worn)
Jewellery
 f - a ring of poison resistance (left hand)
 h - an uncursed ring of fire
 l - an uncursed ring of poison resistance
 n - a ring of protection from magic (right hand)
 q - a +3 ring of evasion {unknown}
Scrolls
 d - 4 scrolls of remove curse
 e - 2 scrolls of recharging {unknown}
 g - a scroll of enchant armour {unknown}
 i - 2 scrolls of identify {unknown}
 j - 2 scrolls of fear {unknown}
 k - a scroll of blinking {unknown}
 m - 3 scrolls of amnesia {unknown}
 o - a scroll of teleportation {unknown}
Books
 p - a book of Flames

   Spells                             Type                      Level
   a - Flame Tongue                   Conjuration/Fire             1
   b - Throw Flame                    Conjuration/Fire             2
   c - Conjure Flame                  Conjuration/Fire             3
   d - Inner Flame                    Hexes/Fire                   3
   e - Sticky Flame                   Conjuration/Fire             4
   f - Fireball                       Conjuration/Fire             5


   Skills:
 + Level 4.0 Fighting
 * Level 4.8 Axes
 + Level 3.3 Armour
 + Level 0.7 Dodging
 + Level 3.4 Shields
 * Level 3.0 Spellcasting


You had 12 spell levels left.
You didn't know any spells.

Dungeon Overview and Level Annotations

Branches:
Dungeon (5/15)
 Temple: D:4-7

Altars:
Ashenzari
Dithmenos
Fedhas
Nemelex Xobeh
Sif Muna
Yredelemnul
Zin


Innate Abilities, Weirdness & Mutations

You do not eat or drink.
Your flesh is vulnerable to fire.
You are immune to poison.
Your flesh is cold resistant. (rC+)
You are immune to negative energy. (rN+++)
You are immune to unholy pain and torment.
You can survive without breathing.


Message History

You slash the ogre!
The ogre is severely wounded.
You hit the crimson imp. You block the crimson imp's attack.
The ogre hits you with a giant club!
Your shield and scale mail prevent you from hitting the ogre.
The ogre is severely wounded.
You hit the crimson imp but do no damage.
The crimson imp hits you but does no damage.
The ogre hits you with a giant club!
You hit the ogre.
The ogre is severely wounded.
You slash the crimson imp!
You kill the crimson imp!
Your Fighting skill increases to level 4!
The ogre hits you with a giant club!
* * * LOW HITPOINT WARNING * * *
You hit the ogre.
The ogre is almost dead.
The ogre hits you with a giant club!!
You die...

.# .##.# ....# ....# ##
#.#'## ######8# #8..%##
#......# ##O....##
#.##.### ##.@.....#(
#####.#...####..........
.............'.........$
#####.#...####..........
#.##.## ##.......#.
.....# ##.....## ##.##.#
##...## #..... #+##
#.##.


You could see an ogre.

Vanquished Creatures
  An ogre (D:4)
  A centaur (D:4)
  2 scorpions (D:4)
  A crimson imp (D:5)
  A gnoll shaman (D:3)
  4 worker ants
  5 gnolls
  7 adders
  5 oozes
  A dart slug (D:2)
  6 worms
  6 leopard geckos
  2 orcs (D:3)
  6 bats
  6 giant cockroaches
  9 goblins
  10 hobgoblins
  4 jackals (D:1)
  A quokka (D:3)
  A ball python (D:1)
  6 frilled lizards
  12 kobolds
  2 leopard gecko skeletons (D:4)
  5 rats
104 creatures vanquished.

Vanquished Creatures (others)
  A bush (D:4)
1 creature vanquished.

Grand Total: 105 creatures vanquished

Notes
Turn   | Place    | Note
-------+----------+-------------------------------------------
     0 | D:1      | equalderp2856 the Mummy Fighter began the quest for the Orb.
     0 | D:1      | Reached XP level 1. HP: 18/18 MP: 1/1
   116 | D:1      | Reached XP level 2. HP: 24/24 MP: 2/2
   522 | D:1      | Reached XP level 3. HP: 28/29 MP: 3/3
  1097 | D:2      | Found a blossoming altar of Fedhas.
  1097 | D:2      | Found a sparkling altar of Nemelex Xobeh.
  1476 | D:2      | Reached XP level 4. HP: 35/35 MP: 4/4
  1741 | D:2      | Found a glowing silver altar of Zin.
  1743 | D:2      | Found a shattered altar of Ashenzari.
  2233 | D:3      | Reached skill level 1 in Spellcasting
  2469 | D:3      | Reached XP level 5. HP: 41/41 MP: 7/7
  2566 | D:3      | Found a sparkling altar of Nemelex Xobeh.
  3037 | D:2      | Found a deep blue altar of Sif Muna.
  3115 | D:4      | Found a shadowy altar of Dithmenos.
  3201 | D:4      | Noticed an ogre
  3209 | D:4      | Killed an ogre
  3209 | D:4      | Reached XP level 6. HP: 37/47 MP: 7/9
  3429 | D:4      | Found a basalt altar of Yredelemnul.
  3458 | D:4      | Found a blossoming altar of Fedhas.
  4345 | D:3      | Reached XP level 7. HP: 35/53 MP: 11/11
  5871 | D:5      | Entered Level 5 of the Dungeon
  5912 | D:5      | Demolished by an ogre

Skill      XL: |  1  2  3  4  5  6  7 |
---------------+----------------------+-----
Axes           | 2 3 4 |  4.8
Armour         | 3 |  3.3
Shields        | 3 |  3.4
Spellcasting   | 1 2 3 |  3.0
Fighting       | 4 |  4.0
Dodging        | |  0.7

Action                   |  1- 3 |  4- 6 |  7- 9 || total
-------------------------+-------+-------+-------++-------
Melee: War axe           |   189 |   204 |    57 ||   450
  Use: Scroll            |       |     1 |       ||     1
Armor: Scale mail        |    92 |    85 |     9 ||   186
Dodge: Dodged            |    58 |    57 |    18 ||   133
Block: Shield            |   116 |   100 |    30 ||   246
